Map: Simulacrum LE

Players

ViBE - Winner!

  • Race: Protoss Protoss
  • League: Platinum
  • Spawn Location: 5:00

red

  • Race: Zerg Zerg
  • League: Platinum
  • Spawn Location: 11:00

VOD

Have the link to the VOD?

Description

Time

  • Played on: Dec. 10, 2019, 6:55 p.m.
  • Length: 10:18
Show
View Real Time Build Order
Export as new Build Order

ViBE Protoss - Winner!

Build Orders: 1 Gate Expand, Archon Immortal 

Get SALT Encoding   

  12  0:00  Probe  
  13  0:13  Probe  
  14  0:21  Pylon  
  14  0:25  Probe  
  15  0:40  Gateway  
  16  0:42  Probe (Chrono Boost)  
  16  0:49  Assimilator  
  16  0:54  Probe (Chrono Boost)  
  17  0:59  Probe (Chrono Boost)  
  18  1:09  Probe (Chrono Boost)  
  19  1:21  Probe (Chrono Boost)  
  20  1:26  Probe (Chrono Boost)  
  21  1:35  Probe, Nexus  
  22  1:45  Cybernetics Core  
  22  1:48  Probe  
  22  1:54  Pylon  
  23  2:01  Assimilator  
  23  2:12  Probe  
  24  2:22  Stalker  
  26  2:23  Warp Gate  
  26  2:24  Probe (Chrono Boost)  
  27  2:33  Pylon  
  27  2:34  Probe (Chrono Boost)  
  28  2:40  Probe (Chrono Boost)  
  29  2:47  Probe (Chrono Boost)  
  31  2:52  Sentry  
  31  2:56  Probe x2 (Chrono Boost)  
  34  3:01  Probe (Chrono Boost)  
  34  3:02  Probe  
  36  3:10  Robotics Facility  
  36  3:14  Probe (Chrono Boost)  
  36  3:15  Gateway  
  36  3:16  Probe (Chrono Boost)  
  38  3:20  Stalker  
  38  3:26  Probe (Chrono Boost)  
  42  3:31  Probe (Chrono Boost)  
  42  3:33  Probe (Chrono Boost)  
  43  3:38  Probe  
  43  3:41  Probe  
  45  3:51  Probe  
  45  3:53  Probe  
  47  3:56  Nexus  
  47  3:57  Pylon  
  47  4:03  Probe  
  47  4:05  Probe  
  47  4:06  Observer  
  47  4:09  Assimilator  
  50  4:11  Pylon, Assimilator  
  50  4:15  Probe  
  51  4:17  Probe  
  52  4:27  Probe, Stalker x2  
  52  4:29  Probe  
  58  4:31  Observer  
  59  4:39  Probe  
  59  4:41  Probe  
  59  4:43  Pylon  
  61  4:47  Pylon  
  61  4:51  Probe  
  62  4:53  Probe  
  62  4:57  Stalker x2  
  67  5:01  Immortal  
  67  5:02  Pylon  
  67  5:03  Probe  
  67  5:04  Pylon  
  67  5:06  Pylon  
  72  5:09  Probe x2  
  74  5:21  Stalker x2  
  78  5:31  Probe x2  
  78  5:32  Probe  
  81  5:40  Immortal, Shield Battery  
  85  5:44  Probe  
  85  5:45  Probe x2  
  88  5:51  Twilight Council  
  88  5:54  Stalker x2  
  92  5:57  Gateway  
  92  5:58  Gateway  
  92  6:00  Gateway  
  92  6:02  Gateway  
  92  6:05  Probe x3  
  94  6:17  Probe x3  
  97  6:29  Probe x3  
  97  6:30  Assimilator  
  97  6:31  Assimilator  
  100  6:34  Nexus  
  100  6:35  Pylon  
  100  6:36  Immortal  
  100  6:37  Stalker x2  
  108  6:42  Templar Archives  
  108  6:50  Probe x3  
  111  6:58  Stalker x4  
  111  7:00  Stalker  
  111  7:01  Stalker  
  123  7:11  Forge  
  123  7:12  Forge  
  123  7:15  Immortal, Forge  
  127  7:29  Probe x2  
  129  7:30  Probe  
  129  7:31  Stalker  
  129  7:36  Pylon  
  132  7:38  Pylon  
  132  7:41  Pylon  
  132  7:42  Pylon  
  132  7:43  Pylon  
  132  7:45  Protoss Ground Weapons Level 1 (Chrono Boost), Protoss Ground Armor Level 1 (Chrono Boost)  
  132  7:46  Protoss Shields Level 1 (Chrono Boost)  
  131  7:58  Blink  
  131  8:02  Stalker x2  
  131  8:03  Stalker x4  
  137  8:09  Photon Cannon  
  129  8:18  Photon Cannon  
  129  8:22  Photon Cannon  
  129  8:24  Shield Battery  
  129  8:27  Photon Cannon  
  129  8:29  Photon Cannon  
  129  8:32  Photon Cannon  
  129  8:34  Photon Cannon  
  129  8:35  Shield Battery  
  129  8:36  Photon Cannon  
  129  8:38  Photon Cannon  
  129  8:41  Shield Battery  
  129  8:43  Pylon  
  129  8:56  Nexus  
  129  8:59  High Templar  
  129  9:00  High Templar x5  
  141  9:04  Archon x2  
  141  9:05  Archon  
  141  9:16  Pylon  
  141  9:19  Pylon  
  141  9:23  Pylon  
  141  9:42  Stalker  
  141  9:43  Stalker x5  
  141  9:45  Probe x3  
  160  9:54  Photon Cannon  
  154  10:03  Photon Cannon  
  154  10:06  Photon Cannon  
  150  10:08  Shield Battery  
Show
View Real Time Build Order
Export as new Build Order

red Zerg 

Build Orders: Hatch First 

Get SALT Encoding   

  12  0:03  Drone  
  13  0:13  Overlord  
  13  0:17  Drone  
  14  0:31  Drone x2  
  16  0:52  Hatchery  
  16  0:54  Drone  
  16  0:57  Drone  
  16  1:01  Drone  
  18  1:15  Extractor  
  17  1:21  Spawning Pool  
  17  1:23  Drone  
  17  1:26  Drone  
  18  1:52  Drone x3  
  21  1:59  Extractor  
  20  2:09  Drone x2  
  22  2:21  Queen  
  24  2:23  Queen  
  24  2:25  Spine Crawler  
  24  2:27  Drone x2  
  27  2:40  Drone  
  27  2:41  Overlord x2  
  28  2:50  Evolution Chamber  
  27  2:51  Drone  
  27  2:58  Drone, Roach Warren  
  28  3:04  Drone  
  29  3:07  Drone  
  30  3:17  Overlord  
  30  3:21  Zerg Ground Armor Level 1  
  30  3:27  Drone x2  
  31  3:29  Drone  
  31  3:33  Overlord  
  33  3:43  Lair  
  33  3:50  Pneumatized Carapace  
  33  4:00  Spore Crawler  
  32  4:03  Spore Crawler  
  31  4:25  Roach  
  31  4:26  Roach x7  
  47  4:35  Drone  
  47  4:36  Drone x4  
  52  4:55  Roach  
  52  4:56  Roach x3  
  60  5:06  Spire  
  59  5:10  Drone  
  59  5:12  Overlord  
  60  5:15  Zerg Missile Weapons Level 1  
  60  5:22  Spine Crawler, Extractor  
  60  5:23  Drone  
  60  5:24  Drone  
  60  5:40  Drone x3  
  63  5:43  Drone x2  
  63  5:45  Extractor, Overlord  
  63  5:49  Glial Reconstitution  
  64  5:52  Roach  
  66  5:59  Drone  
  66  6:00  Drone  
  66  6:02  Overlord  
  64  6:16  Zergling x2  
  64  6:17  Zergling x10  
  62  6:24  Mutalisk x3  
  66  6:35  Drone x2  
  68  6:43  Queen  
  68  6:44  Hatchery  
  69  6:49  Roach x3  
  69  6:50  Roach  
  78  6:54  Ravager  
  78  6:57  Zerg Flyer Weapons Level 1  
  78  7:04  Zergling x12  
  84  7:09  Metabolic Boost  
  84  7:19  Overlord  
  84  7:20  Overlord x2  
  84  7:36  Overlord x2  
  84  7:39  Roach  
  84  7:40  Roach x3  
  77  8:07  Roach  
  77  8:08  Roach x6  
  78  8:21  Mutalisk  
  78  8:22  Mutalisk x4  
  78  8:26  Drone  
  88  8:28  Drone  
  88  8:29  Drone x3  
  92  8:49  Drone x5  
  97  8:57  Zergling x8  
  101  9:05  Hatchery  
  100  9:25  Mutalisk x5  
  110  9:37  Infestation Pit  
  109  9:38  Roach  
  109  9:39  Roach  
  109  9:43  Drone x2  
  109  9:44  Drone x4  
  119  9:46  Extractor  
  119  9:47  Extractor  
Tags
 
Add a new tag
Caveats
  • Supply blocks, unpowered buildings, or Contaminate may cause inaccurate times.
  • Supply counts are checked every 10 seconds.